cohdb
Replays
Latest Replays
All Replays
Popular Replays
Top Player Replays
Match Explorer
How It Works
Community
CoH3 Stats
Reddit
Sign in to upload your games and track your stats! →
Sign in with Steam
Match 39383060
Unlisted
Match 39383060
Overview
Messages
Build Orders
End
Royal Engineer Section
Construct Section Command Post
Infantry Section
Infantry Section
Selects Indian Artillery Battlegroup
Infantry Section
Construct Field Infirmary
Construct Platoon Command Post
Selects Valour
Humber Armored Car
Selects Gurkha Rifles Section
6-pounder Anti-tank Gun Team
Vickers Machine Gun Team
Grenade Package
Construct Company Command Post
Selects Volunteer Infantry
Foot Guards Section
Crusader II Medium Tank
Selects Towed ML 4.2-inch Heavy Mortar
BIOHAZARD
Adamir@Magnum.CZ
0
0
Comments
sign in to comment!
No comments posted yet!